3A
MANCELONA TORCH @ CONNETQUOT CHIEFS
08/30/2028
 
TOP OF THE 1ST
Mancelona Torch batting - Pitching for Connetquot Chiefs : RHP Kidlat Dakila
Pitching: RHP Kidlat Dakila
Batting: RHB Tony Lugo 0-0: Ball
1-0: Ball
2-0: Foul Ball, location: 2F
2-1: Ground out 6-3 (Groundball, 6)
Batting: RHB Kyle Vandenbrink 0-0: Swinging Strike
0-1: Ball
1-1: Ball
2-1: Foul Ball, location: 2F
2-2: SINGLE (Line Drive, 8RS)
Batting: LHB Jim Halpert 0-0: Ball
1-0: Called Strike
Kyle Vandenbrink steals 2nd base
1-1: Ball
2-1: Called Strike
2-2: Ball
3-2: Foul Ball, location: 2F
3-2: Strikes out swinging
Batting: LHB Yu-zeng Si 0-0: Ground out 4-3 (Groundball, 4)
Top of the 1st over - 0 run(s), 1 hit(s), 0 error(s), 1 left on base; Mancelona 0 - Connetquot 0
BOTTOM OF THE 1ST
Connetquot Chiefs batting - Pitching for Mancelona Torch : RHP Jason Millward
Pitching: RHP Jason Millward
Batting: RHB Felipe Córdova 0-0: Ground out 6-3 (Groundball, 6)
Batting: RHB Jesús Jaramillo 0-0: Foul Ball, location: 2F
0-1: Swinging Strike
0-2: Ball
1-2: Ground out 6-3 (Groundball, 6)
Batting: RHB Dan Chrzan 0-0: Ball
1-0: Called Strike
1-1: Called Strike
1-2: Foul Ball, location: 2F
1-2: Ball
2-2: Foul Ball, location: 2F
2-2: Fly out, F8 (Flyball, 8LM)
Bottom of the 1st over - 0 run(s), 0 hit(s), 0 error(s), 0 left on base; Mancelona 0 - Connetquot 0
TOP OF THE 2ND
Mancelona Torch batting - Pitching for Connetquot Chiefs : RHP Kidlat Dakila
Batting: RHB Ratko Ralevic 0-0: Ball
1-0: Ground out 6-3 (Groundball, 6)
Batting: RHB Adrijan Markovski 0-0: Ball
1-0: Foul Ball, location: 2F
1-1: Called Strike
1-2: Foul Ball, location: 2F
1-2: Ground out 5-3 (Groundball, 56)
Batting: RHB Vilhelm Loyen 0-0: Foul Ball, location: 2F
0-1: Ball
1-1: Called Strike
1-2: Strikes out swinging
Top of the 2nd over - 0 run(s), 0 hit(s), 0 error(s), 0 left on base; Mancelona 0 - Connetquot 0
BOTTOM OF THE 2ND
Connetquot Chiefs batting - Pitching for Mancelona Torch : RHP Jason Millward
Batting: RHB Peter Geib 0-0: Ground out 1-3 (Groundball, P)
Batting: RHB Creed Bratton 0-0: Called Strike
0-1: Swinging Strike
0-2: Strikes out swinging
Batting: RHB Ricardo Pulido 0-0: Fly out, F9 (Flyball, 9LM)
Bottom of the 2nd over - 0 run(s), 0 hit(s), 0 error(s), 0 left on base; Mancelona 0 - Connetquot 0
TOP OF THE 3RD
Mancelona Torch batting - Pitching for Connetquot Chiefs : RHP Kidlat Dakila
Batting: RHB Emílio Agramónte 0-0: Foul Ball, location: 2F
0-1: Called Strike
0-2: Ball
1-2: Ball
2-2: Ball
3-2: Strikes out swinging
Batting: RHB Félix Martínez 0-0: Called Strike
0-1: Swinging Strike
0-2: Foul Ball, location: 2F
0-2: Ball
1-2: Ball
2-2: Strikes out swinging
Batting: RHB Tony Lugo 0-0: Ball
1-0: Foul Ball, location: 2F
1-1: Foul Ball, location: 2F
1-2: Strikes out looking
Top of the 3rd over - 0 run(s), 0 hit(s), 0 error(s), 0 left on base; Mancelona 0 - Connetquot 0
BOTTOM OF THE 3RD
Connetquot Chiefs batting - Pitching for Mancelona Torch : RHP Jason Millward
Batting: RHB Cristián Ramírez 0-0: Foul Ball, location: 2F
0-1: Ball
1-1: Swinging Strike
1-2: SINGLE (Flyball, 89S)
Batting: LHB Travis Grigor 0-0: Foul Ball, location: 2F
0-1: Swinging Strike
0-2: Ball
Cristián Ramírez is caught stealing 2nd base
1-2: Foul Ball, location: 2F
1-2: Ball
2-2: Ball
3-2: Strikes out looking
Batting: RHB Louie Trimboli 0-0: Fly out, F9 (Line Drive, 9)
Bottom of the 3rd over - 0 run(s), 1 hit(s), 0 error(s), 0 left on base; Mancelona 0 - Connetquot 0
TOP OF THE 4TH
Mancelona Torch batting - Pitching for Connetquot Chiefs : RHP Kidlat Dakila
Batting: RHB Kyle Vandenbrink 0-0: Ball
1-0: Swinging Strike
1-1: Foul Ball, location: 2F
1-2: SINGLE (Groundball, 34D)
Batting: LHB Jim Halpert 0-0: Called Strike
0-1: Ball
Kyle Vandenbrink steals 2nd base
1-1: Ball
2-1: Ball
3-1: Fly out, F6 (Popup, 6MS)
Batting: LHB Yu-zeng Si 0-0: Called Strike
Throwing error on steal attempt, E2
Kyle Vandenbrink scores
0-1: Hit by Pitch
Batting: RHB Ratko Ralevic 0-0: Ball
1-0: Swinging Strike
1-1: Foul Ball, location: 2F
1-2: Ball
2-2: Ball
Passed Ball!
Yu-zeng Si to second
3-2: Strikes out swinging
Batting: RHB Adrijan Markovski 0-0: Ground out 5-3 (Groundball, 56S)
Top of the 4th over - 1 run(s), 1 hit(s), 1 error(s), 1 left on base; Mancelona 1 - Connetquot 0
BOTTOM OF THE 4TH
Connetquot Chiefs batting - Pitching for Mancelona Torch : RHP Jason Millward
Batting: RHB Felipe Córdova 0-0: Ball
1-0: Swinging Strike
1-1: Ball
2-1: Ball
3-1: Base on Balls
Batting: RHB Jesús Jaramillo 0-0: Ball
1-0: Grounds into double play, 6-4-3 (Groundball, 6)
Batting: RHB Dan Chrzan 0-0: Called Strike
0-1: Ball
1-1: Called Strike
1-2: Strikes out swinging
Bottom of the 4th over - 0 run(s), 0 hit(s), 0 error(s), 0 left on base; Mancelona 1 - Connetquot 0
TOP OF THE 5TH
Mancelona Torch batting - Pitching for Connetquot Chiefs : RHP Kidlat Dakila
Batting: RHB Vilhelm Loyen 0-0: Called Strike
0-1: Ball
1-1: Swinging Strike
1-2: Ball
2-2: Strikes out looking
Batting: RHB Emílio Agramónte 0-0: Called Strike
0-1: Ground out 6-3 (Groundball, 6)
Batting: RHB Félix Martínez 0-0: Ground out 5-3 (Groundball, 5)
Top of the 5th over - 0 run(s), 0 hit(s), 0 error(s), 0 left on base; Mancelona 1 - Connetquot 0
BOTTOM OF THE 5TH
Connetquot Chiefs batting - Pitching for Mancelona Torch : RHP Jason Millward
Batting: RHB Peter Geib 0-0: Called Strike
0-1: Swinging Strike
0-2: Strikes out looking
Batting: RHB Creed Bratton 0-0: Called Strike
0-1: Ball
1-1: Foul Ball, location: 2F
1-2: Ball
2-2: Ball
3-2: SINGLE (Groundball, 56D)
Batting: RHB Ricardo Pulido 0-0: Ball
1-0: Ball
2-0: Foul Ball, location: 2F
2-1: Foul Ball, location: 2F
2-2: Fielders Choice at 2nd, 6-4 (Groundball, 56)
Batting: RHB Cristián Ramírez 0-0: Fly out, F9 (Flyball, 9S)
Bottom of the 5th over - 0 run(s), 1 hit(s), 0 error(s), 1 left on base; Mancelona 1 - Connetquot 0
TOP OF THE 6TH
Mancelona Torch batting - Pitching for Connetquot Chiefs : RHP Kidlat Dakila
Batting: RHB Tony Lugo 0-0: Ball
1-0: SINGLE (Flyball, 9LS)
Batting: RHB Kyle Vandenbrink 0-0: Called Strike
Tony Lugo steals 2nd base
0-1: Foul Ball, location: 2F
0-2: SINGLE (Flyball, 78S)
Tony Lugo to third
Runner from 3rd tries for Home, SAFE, no throw
Batting: LHB Jim Halpert 0-0: Ball
1-0: Ball
2-0: 2-RUN HOME RUN (Flyball, 7D), Distance : 397 ft
Batting: LHB Yu-zeng Si 0-0: Called Strike
0-1: Ball
1-1: Ball
2-1: Foul Ball, location: 2F
2-2: Ground out U3 (Groundball, 3)
Batting: RHB Ratko Ralevic 0-0: Ball
1-0: SOLO HOME RUN (Flyball, 7D), Distance : 413 ft
Batting: RHB Adrijan Markovski 0-0: Called Strike
0-1: Ball
1-1: Fly out, F6 (Line Drive, 56D)
Batting: RHB Vilhelm Loyen 0-0: Called Strike
0-1: DOUBLE (Flyball, 8LM)
Batting: RHB Emílio Agramónte 0-0: Foul Ball, location: 2F
0-1: Foul Ball, location: 2F
0-2: Strikes out swinging
Top of the 6th over - 4 run(s), 5 hit(s), 0 error(s), 1 left on base; Mancelona 5 - Connetquot 0
BOTTOM OF THE 6TH
Connetquot Chiefs batting - Pitching for Mancelona Torch : RHP Jason Millward
Batting: LHB Travis Grigor 0-0: Ground out U3 (Groundball, 3L)
Batting: RHB Louie Trimboli 0-0: Swinging Strike
0-1: Ball
1-1: Swinging Strike
1-2: Strikes out swinging
Batting: RHB Felipe Córdova 0-0: Ground out 3-1 (Groundball, 34)
Bottom of the 6th over - 0 run(s), 0 hit(s), 0 error(s), 0 left on base; Mancelona 5 - Connetquot 0
TOP OF THE 7TH
Mancelona Torch batting - Pitching for Connetquot Chiefs : RHP Kidlat Dakila
Batting: RHB Félix Martínez 0-0: Called Strike
0-1: Ball
1-1: Ball
2-1: Foul Ball, location: 2F
2-2: Ball
3-2: Foul Ball, location: 2F
3-2: SOLO HOME RUN (Flyball, 7D), Distance : 411 ft
Pitching: RHP Carlos Bernard
Batting: RHB Tony Lugo 0-0: Called Strike
0-1: Called Strike
0-2: Strikes out swinging
Batting: RHB Kyle Vandenbrink 0-0: Foul Ball, location: 2F
0-1: Foul Ball, location: 2F
0-2: Ball
1-2: Ball
2-2: Foul Ball, location: 2F
2-2: Ball
3-2: Foul Ball, location: 2F
3-2: Fly out, F6 (Popup, 6M)
Batting: LHB Jim Halpert 0-0: Ball
1-0: Called Strike
1-1: Foul Ball, location: 2F
1-2: Ball
2-2: Ball
3-2: SINGLE (Line Drive, 6M)
Batting: LHB Yu-zeng Si 0-0: Ball
Jim Halpert steals 2nd base
1-0: Swinging Strike
1-1: Ball
2-1: DOUBLE (Line Drive, 9LM)
Jim Halpert scores
Batting: RHB Ratko Ralevic 0-0: Ball
1-0: Ball
2-0: Foul Ball, location: 2F
2-1: Ball
3-1: Base on Balls
Batting: RHB Adrijan Markovski 0-0: Swinging Strike
0-1: Swinging Strike
0-2: Ball
1-2: Strikes out swinging
Top of the 7th over - 2 run(s), 3 hit(s), 0 error(s), 2 left on base; Mancelona 7 - Connetquot 0
BOTTOM OF THE 7TH
Connetquot Chiefs batting - Pitching for Mancelona Torch : RHP Jason Millward
Batting: RHB Jesús Jaramillo 0-0: Ground out U3 (Groundball, 3L)
Batting: RHB Dan Chrzan 0-0: Ball
1-0: Foul Ball, location: 2F
1-1: Ball
2-1: SINGLE (Line Drive, 8LS)
Batting: RHB Peter Geib 0-0: Grounds into double play, 6-4-3 (Groundball, 6)
Bottom of the 7th over - 0 run(s), 1 hit(s), 0 error(s), 0 left on base; Mancelona 7 - Connetquot 0
TOP OF THE 8TH
Mancelona Torch batting - Pitching for Connetquot Chiefs : RHP Carlos Bernard
Batting: RHB Vilhelm Loyen 0-0: Ball
1-0: Foul Ball, location: 2F
1-1: Fly out, F6 (Popup, 5D)
Batting: RHB Emílio Agramónte 0-0: Ball
1-0: Foul Ball, location: 2F
1-1: Foul Ball, location: 2F
1-2: Ball
2-2: Ground out 6-3 (Groundball, 6)
Batting: RHB Félix Martínez 0-0: Ball
1-0: Ball
2-0: Called Strike
2-1: Swinging Strike
2-2: Strikes out swinging
Top of the 8th over - 0 run(s), 0 hit(s), 0 error(s), 0 left on base; Mancelona 7 - Connetquot 0
BOTTOM OF THE 8TH
Connetquot Chiefs batting - Pitching for Mancelona Torch : RHP Jason Millward
Now at 2B: Steve Weber
Batting: RHB Creed Bratton 0-0: Ball
1-0: Ball
2-0: Ground out 4-3 (Groundball, 4)
Batting: RHB Ricardo Pulido 0-0: Called Strike
0-1: Ball
1-1: Foul Ball, location: 2F
1-2: Ball
2-2: Ball
3-2: Strikes out swinging
Batting: RHB Cristián Ramírez 0-0: Called Strike
0-1: Hit by Pitch
Pinch Runner at 1st Carlos Flores:
Batting: LHB Travis Grigor 0-0: Ball
1-0: Called Strike
1-1: Foul Ball, location: 2F
1-2: Foul Ball, location: 2F
1-2: Ball
2-2: Strikes out swinging, 2-3 out at first.
Bottom of the 8th over - 0 run(s), 0 hit(s), 0 error(s), 1 left on base; Mancelona 7 - Connetquot 0
TOP OF THE 9TH
Mancelona Torch batting - Pitching for Connetquot Chiefs : RHP Carlos Bernard
Pitching: RHP Miguel Ramírez
Now at SS: Carlos Flores
Batting: RHB Tony Lugo 0-0: Ground out 6-3 (Groundball, 6)
Batting: RHB Steve Weber 0-0: Ball
1-0: Ground out 4-3 (Groundball, 4)
Batting: LHB Jim Halpert 0-0: Swinging Strike
0-1: Called Strike
0-2: Foul Ball, location: 2F
0-2: Strikes out looking
Top of the 9th over - 0 run(s), 0 hit(s), 0 error(s), 0 left on base; Mancelona 7 - Connetquot 0
BOTTOM OF THE 9TH
Connetquot Chiefs batting - Pitching for Mancelona Torch : RHP Jason Millward
Batting: RHB Louie Trimboli 0-0: Ball
1-0: Called Strike
1-1: SINGLE (Line Drive, 8LS)
Batting: RHB Felipe Córdova 0-0: Ball
1-0: Ball
2-0: Foul Ball, location: 2F
2-1: Foul Ball, location: 2F
2-2: Grounds into double play, 4-6-3 (Groundball, 4)
Batting: RHB Jesús Jaramillo 0-0: Called Strike
0-1: Ball
1-1: Called Strike
1-2: Strikes out swinging
Bottom of the 9th over - 0 run(s), 1 hit(s), 0 error(s), 0 left on base; Mancelona 7 - Connetquot 0
Wednesday, August 30th, 2017 - OOTP Baseball 17.12 Build 75